VEGAS vs COLORADO

Created - March-30-21 at 13:02

Goals
1 2 3 T
VEGAS 0 1 0 1
COLORADO 1 1 0 2
Shots
1 2 3 T
VEGAS 13 18 6 37
COLORADO 5 5 5 15

1st period

1. COLORADO , Pavel Buchnevich 8 (David Pastrnak 23, Brandon Carlo 13) at 16:01

Penalties :
Jonas Brodin (COL) for Holding (Minor) at 0:49, Jayce Hawryluk (VGK) for Tripping (Minor) at 14:01, David Krejci (COL) for Fighting (Major) at 17:20, Nikita Zadorov (VGK) for Fighting (Major) at 17:20

2nd period

2. VEGAS , Brock Nelson 28 (Nick Holden 20, Devon Toews 13) at 0:58
3. COLORADO , William Karlsson 16 (Ron Hainsey 17, Calvin de Haan 12) at 15:11

Penalties :
Brandon Carlo (COL) for Slashing (Minor) at 6:59

3rd period

No Goal

Penalties :
Devon Toews (VGK) for Tripping (Minor) at 3:20, Stephen Johns (VGK) for Tripping (Minor) at 7:07, Dylan Larkin (COL) for Slashing (Minor) at 13:12, Pavel Buchnevich (COL) for Hooking (Minor) at 15:13

Goalie Stats

Braden Holtby (VGK), 13 saves from 15 shots - (0.867), L, 21-19-4, 60:00 minutes
Carey Price (COL), 36 saves from 37 shots - (0.973), W, 29-10-5, 60:00 minutes

Players Stats for VEGAS

Player Name              G  A  P  +/- PIM S  H  SB GA TA FO     MP     PP MP  PK MP  
------------------------------------------------------------------------------------
Alexander Kerfoot        0  0  0  -2  0   2  0  0  0  0  5/14   13:44   1:50   0:00 
Brent Seabrook           0  0  0   0  0   3  0  1  0  0  0/0    24:01   2:38   3:14 
Brock Nelson             1  0  1   1  0   7  1  0  0  0  15/35  22:34   3:34   3:48 
Cody Glass               0  0  0   0  0   3  0  0  0  0  4/7     4:09   0:00   0:00 
Daniel Sprong            0  0  0   0  0   0  0  0  0  0  0/0    17:57   3:05   0:00 
Devon Toews              0  1  1   1  2   4  1  2  0  0  0/0    19:01   3:55   1:23 
Jayce Hawryluk           0  0  0  -2  2   0  1  0  0  0  0/0    12:43   0:50   0:00 
Josh Anderson            0  0  0   0  0   3  3  0  0  0  0/0    17:57   3:05   0:00 
Kyle Turris              0  0  0   0  0   3  0  0  0  0  9/20   19:30   3:05   1:33 
Matt Luff                0  0  0   0  0   0  1  0  0  0  0/0     4:09   0:00   0:00 
Max Comtois              0  0  0  -2  0   1  1  0  0  0  0/1    12:30   0:00   0:36 
Mikhail Grigorenko       0  0  0   0  0   0  1  0  0  0  0/0     4:09   0:00   0:00 
Nick Holden              0  1  1   1  0   3  0  1  0  0  0/0    20:38   3:55   2:42 
Nikita Zadorov           0  0  0   0  5   1  3  1  0  0  0/0    22:03   3:10   3:31 
Oliver Bjorkstrand       0  0  0   1  0   2  3  0  0  0  1/3    20:55   3:34   2:09 
Sam Reinhart             0  0  0   1  0   1  5  0  0  0  0/2    22:28   3:28   3:48 
Slater Koekkoek          0  0  0  -2  0   2  2  3  0  0  0/0    16:51   0:50   1:01 
Stephen Johns            0  0  0  -2  2   2  1  1  0  0  0/0    17:23   1:24   0:03 
Victor Rask              0  0  0   0  0   0  0  0  0  0  0/2     1:17   1:17   0:00 

Players Stats for COLORADO

Player Name              G  A  P  +/- PIM S  H  SB GA TA FO     MP     PP MP  PK MP  
------------------------------------------------------------------------------------
Artturi Lehkonen         0  0  0   0  0   1  2  1  0  0  0/1    19:22   2:45   1:38 
Brandon Carlo            0  1  1   0  2   0  2  2  0  0  0/0    23:23   3:02   2:29 
Calvin de Haan           0  1  1   1  0   0  1  0  0  0  0/0    18:45   0:00   5:10 
Dan Girardi              0  0  0   0  0   0  0  0  0  0  0/0     0:57   0:01   0:00 
David Krejci             0  0  0   0  5   2  1  0  0  0  7/10   20:18   2:15   4:34 
David Pastrnak           0  1  1   1  0   1  0  0  0  0  0/0    20:36   2:38   1:05 
Dylan Larkin             0  0  0   0  2   3  0  0  0  0  18/28  21:20   2:57   0:32 
John Moore               0  0  0   0  0   0  3  3  0  0  0/0    15:17   0:00   0:44 
Jonas Brodin             0  0  0   0  2   1  0  0  0  0  0/0    23:14   2:55   2:27 
Leo Komarov              0  0  0   1  0   0  0  0  0  0  0/0     5:46   0:00   0:00 
Mattias Janmark          0  0  0   0  0   0  0  0  0  0  0/2    15:11   1:09   0:00 
Mikko Koivu              0  0  0   0  0   1  2  0  0  0  2/5    15:01   2:27   2:35 
Nick Bjugstad            0  0  0   1  0   0  0  0  0  0  4/7     5:46   0:00   0:00 
Pavel Buchnevich         1  0  1   0  2   1  1  0  0  0  0/0    18:57   2:38   0:00 
Ron Hainsey              0  1  1   1  0   0  0  0  0  0  0/0    20:31   2:44   5:02 
Urho Vaakanainen         0  0  0   0  0   0  2  1  0  0  0/0    16:10   1:31   0:00 
Warren Foegele           0  0  0   0  0   1  2  0  0  0  0/0    13:15   0:00   0:00 
William Karlsson         1  0  1   0  0   4  1  0  0  0  19/31  18:10   2:43   5:28 

3 Stars

1 - Carey Price (COL)
2 - Brock Nelson (VGK)
3 - William Karlsson (COL)

Power Play

VEGAS - 0 on 4 Attempt(s) - 0.00%
COLORADO - 0 on 3 Attempt(s) - 0.00%

Penalty Kill

VEGAS - 3 on 3 Attempt(s) - 100.00% - Score 0 goal in Penalty Kill
COLORADO - 4 on 4 Attempt(s) - 100.00% - Score 0 goal in Penalty Kill

Team Stat

VEGAS - Hits : 23 - Faceoff Wins : 34 - Blocked Shots : 9 - Penalty Minutes : 11
COLORADO - Hits : 17 - Faceoff Wins : 50 - Blocked Shots : 7 - Penalty Minutes : 13

Official

Referees : Corey Scott and Corey Leuders
Linesman : Derek Amell and Chris Boddy

Game Notes

David Krejci and Nikita Zadorov fight to a draw at 17:20 of 1st period

Finance

Level 1 -- Attendance: 5876 (97.93%) -- Ticket Income $540,592
Level 2 -- Attendance: 3796 (75.92%) -- Ticket Income $235,352
Level 3 -- Attendance: 1839 (91.95%) -- Ticket Income $62,526
Level 4 -- Attendance: 2893 (72.33%) -- Ticket Income $63,646
Luxury Box -- Attendance: 1000 (100.00%) -- Ticket Income $180,000
Game was played at the Pepsi Center.
Total Attendance: 15404 (85.58%)
Total Ticket Income: $1,082,116
Total Income: $1,082,116

VEGAS

5 vs 5 Forward 
   Center                   Left Wing                Right Wing               Time % Phy DF OF 
 1 Brock Nelson             Oliver Bjorkstrand       Sam Reinhart             35     1   2  2  
 2 Kyle Turris              Josh Anderson            Daniel Sprong            30     1   2  2  
 3 Alexander Kerfoot        Max Comtois              Jayce Hawryluk           25     1   2  2  
 4 Cody Glass               Mikhail Grigorenko       Matt Luff                10     1   2  2  

5 vs 5 Defense 
   Defense                  Defense                                           Time % Phy DF OF 
 1 Brent Seabrook           Nikita Zadorov                                    35     1   2  2  
 2 Nick Holden              Devon Toews                                       30     1   2  2  
 3 Stephen Johns            Slater Koekkoek                                   25     1   2  2  
 4 Brent Seabrook           Nikita Zadorov                                    10     1   2  2  

PowerPlay Forward 
   Center                   Left Wing                Right Wing               Time % Phy DF OF 
 1 Brock Nelson             Oliver Bjorkstrand       Sam Reinhart             60     1   2  2  
 2 Kyle Turris              Josh Anderson            Daniel Sprong            40     1   2  2  

PowerPlay Defense
   Defense                  Defense                                           Time % Phy DF OF 
 1 Brent Seabrook           Nikita Zadorov                                    60     1   2  2  
 2 Nick Holden              Devon Toews                                       40     1   2  2  

Penalty Kill 4 Players Forward 
   Center                   Wing                     Time % Phy DF OF 
 1 Brock Nelson             Sam Reinhart             60     1   2  2  
 2 Oliver Bjorkstrand       Kyle Turris              40     1   2  2  

Penalty Kill 4 Players Defense
   Defense                  Defense                  Time % Phy DF OF 
 1 Brent Seabrook           Nikita Zadorov           60     1   2  2  
 2 Nick Holden              Devon Toews              40     1   2  2  

Penalty Kill - 3 Players Forward 
   Forward                                           Time % Phy DF OF 
 1 Brock Nelson                                      60     1   2  2  
 2 Sam Reinhart                                      40     1   2  2  

Penalty Kill - 3 Players Defense
   Defense                  Defense                  Time % Phy DF OF 
 1 Brent Seabrook           Nikita Zadorov           60     1   2  2  
 2 Nick Holden              Devon Toews              40     1   2  2  

4 vs 4 Forward 
   Center                   Wing                     Time % Phy DF OF 
 1 Brock Nelson             Sam Reinhart             60     1   2  2  
 2 Oliver Bjorkstrand       Kyle Turris              40     1   2  2  

4 vs 4 Defense
   Defense                  Defense                  Time % Phy DF OF 
 1 Brent Seabrook           Nikita Zadorov           60     1   2  2  
 2 Nick Holden              Devon Toews              40     1   2  2  

Last Minutes Offensive
   Center                   Left Wing                Right Wing               Defense                  Defense                  
   Brock Nelson             Oliver Bjorkstrand       Sam Reinhart             Brent Seabrook           Nikita Zadorov           

Last Minutes Defensive
   Center                   Left Wing                Right Wing               Defense                  Defense                  
   Brock Nelson             Oliver Bjorkstrand       Sam Reinhart             Brent Seabrook           Nikita Zadorov           

Goaltenders
Starting : Braden Holtby            
Backup : Tristan Jarry            

Extra Forwards
Normal : Victor Rask, Alexander Kerfoot, Max Comtois - PP : Victor Rask, Alexander Kerfoot - PK : Max Comtois
Extra Defensemen
Normal : Stephen Johns, Slater Koekkoek, Nick Holden - PP : Stephen Johns - PK : Slater Koekkoek, Nick Holden
Penalty Shots
Brock Nelson, Sam Reinhart, Oliver Bjorkstrand, Kyle Turris, Josh Anderson

Scratches
Jack Johnson (Healthy), VGK Cap Hit (Suspend), Michael Grabner (Right Knee Injury)

COLORADO

5 vs 5 Forward 
   Center                   Left Wing                Right Wing               Time % Phy DF OF 
 1 Dylan Larkin             David Pastrnak           Pavel Buchnevich         35     1   2  2  
 2 William Karlsson         Artturi Lehkonen         Mikko Koivu              30     1   2  2  
 3 David Krejci             Warren Foegele           Mattias Janmark          25     1   2  2  
 4 Nick Bjugstad            Leo Komarov              Artturi Lehkonen         10     1   2  2  

5 vs 5 Defense 
   Defense                  Defense                                           Time % Phy DF OF 
 1 Brandon Carlo            Jonas Brodin                                      35     1   2  2  
 2 Calvin de Haan           Ron Hainsey                                       30     1   2  2  
 3 Urho Vaakanainen         John Moore                                        25     1   2  2  
 4 Brandon Carlo            Jonas Brodin                                      10     1   2  2  

PowerPlay Forward 
   Center                   Left Wing                Right Wing               Time % Phy DF OF 
 1 Dylan Larkin             David Pastrnak           Pavel Buchnevich         60     1   2  2  
 2 William Karlsson         Artturi Lehkonen         Mikko Koivu              40     1   2  2  

PowerPlay Defense
   Defense                  Defense                                           Time % Phy DF OF 
 1 Brandon Carlo            Ron Hainsey                                       60     1   2  2  
 2 Jonas Brodin             David Krejci                                      40     1   2  2  

Penalty Kill 4 Players Forward 
   Center                   Wing                     Time % Phy DF OF 
 1 William Karlsson         David Krejci             60     1   2  2  
 2 Mikko Koivu              Artturi Lehkonen         40     1   2  2  

Penalty Kill 4 Players Defense
   Defense                  Defense                  Time % Phy DF OF 
 1 Calvin de Haan           Ron Hainsey              60     1   2  2  
 2 Jonas Brodin             Brandon Carlo            40     1   2  2  

Penalty Kill - 3 Players Forward 
   Forward                                           Time % Phy DF OF 
 1 William Karlsson                                  60     1   2  2  
 2 Dylan Larkin                                      40     1   2  2  

Penalty Kill - 3 Players Defense
   Defense                  Defense                  Time % Phy DF OF 
 1 Calvin de Haan           Ron Hainsey              60     1   2  2  
 2 Jonas Brodin             Brandon Carlo            40     1   2  2  

4 vs 4 Forward 
   Center                   Wing                     Time % Phy DF OF 
 1 David Pastrnak           Dylan Larkin             60     1   2  2  
 2 William Karlsson         David Krejci             40     1   2  2  

4 vs 4 Defense
   Defense                  Defense                  Time % Phy DF OF 
 1 Jonas Brodin             Brandon Carlo            60     1   2  2  
 2 Calvin de Haan           Ron Hainsey              40     1   2  2  

Last Minutes Offensive
   Center                   Left Wing                Right Wing               Defense                  Defense                  
   Dylan Larkin             David Pastrnak           Pavel Buchnevich         Brandon Carlo            Ron Hainsey              

Last Minutes Defensive
   Center                   Left Wing                Right Wing               Defense                  Defense                  
   Dylan Larkin             David Pastrnak           Pavel Buchnevich         Brandon Carlo            Ron Hainsey              

Goaltenders
Starting : Carey Price              
Backup : Linus Ullmark            

Extra Forwards
Normal : Dylan Larkin, David Pastrnak, David Krejci - PP : Dylan Larkin, David Pastrnak - PK : Mikko Koivu
Extra Defensemen
Normal : Brandon Carlo, Jonas Brodin, Calvin de Haan - PP : Brandon Carlo - PK : Calvin de Haan, John Moore
Penalty Shots
David Pastrnak, Dylan Larkin, William Karlsson, David Krejci, Pavel Buchnevich

Scratches
COL Cap Hit (Suspend)

% Time on Ice - VEGAS

Lines # - Real PCT - Wanted PCT - Time Play
Normal Forward
1 - 33% - 35% - 15:06
2 - 32% - 30% - 14:52
3 - 26% - 25% - 11:54
4 - 9% - 10% - 4:09
Normal Defense
1 - 33% - 35% - 15:21
2 - 30% - 30% - 13:44
3 - 31% - 25% - 14:14
4 - 6% - 10% - 2:42
PP Forward
1 - 61% - 60% - 4:51
2 - 39% - 40% - 3:05
PP Defense
1 - 51% - 60% - 4:01
2 - 49% - 40% - 3:55
PK Forward
1 - 74% - 60% - 4:24
2 - 26% - 40% - 1:33
PK Defense
1 - 54% - 60% - 3:12
2 - 46% - 40% - 2:45
PK3 Forward
1 - 0% - 60%
2 - 0% - 40%
PK3 Defense
1 - 0% - 60%
2 - 0% - 40%
44 Forward
1 - 0% - 60%
2 - 0% - 40%
44 Defense
1 - 0% - 60%
2 - 0% - 40%
Last Minute Offensive  - 0:06
Last Minute Defensive  - 0:00
Total
Forward - 60:00
Defense - 60:00

% Time on Ice - COLORADO

Lines # - Real PCT - Wanted PCT - Time Play
Normal Forward
1 - 36% - 35% - 16:20
2 - 22% - 30% - 9:53
3 - 29% - 25% - 13:09
4 - 13% - 10% - 5:46
Normal Defense
1 - 36% - 35% - 16:02
2 - 28% - 30% - 12:42
3 - 32% - 25% - 14:33
4 - 4% - 10% - 1:51
PP Forward
1 - 54% - 60% - 3:14
2 - 46% - 40% - 2:43
PP Defense
1 - 51% - 60% - 3:02
2 - 49% - 40% - 2:55
PK Forward
1 - 79% - 60% - 6:18
2 - 21% - 40% - 1:38
PK Defense
1 - 59% - 60% - 4:39
2 - 41% - 40% - 3:17
PK3 Forward
1 - 0% - 60%
2 - 0% - 40%
PK3 Defense
1 - 0% - 60%
2 - 0% - 40%
44 Forward
1 - 0% - 60%
2 - 0% - 40%
44 Defense
1 - 0% - 60%
2 - 0% - 40%
Last Minute Offensive  - 0:00
Last Minute Defensive  - 0:59
Total
Forward - 60:00
Defense - 60:00

Play-by-Play

1st period


0:01 of 1st period - Dylan Larkin wins face-off versus Brock Nelson in neutral zone.
0:35 of 1st period - Dylan Larkin is hit by Nikita Zadorov and loses puck.
0:49 of 1st period - Minor Penalty to Jonas Brodin for Holding.
0:50 of 1st period - William Karlsson wins face-off versus Kyle Turris in COLORADO zone.
0:50 of 1st period - William Karlsson is hit by Josh Anderson.
1:44 of 1st period - Shot by Brock Nelson.
1:44 of 1st period - Stopped by Carey Price without a rebound.
1:45 of 1st period - Brock Nelson wins face-off versus Mikko Koivu in COLORADO zone.
1:53 of 1st period - Shot by Brent Seabrook.
1:53 of 1st period - Stopped by Carey Price without a rebound.
1:54 of 1st period - Mikko Koivu wins face-off versus Brock Nelson in COLORADO zone.
1:54 of 1st period - Mikko Koivu is hit by Sam Reinhart.
3:26 of 1st period - Shot by Alexander Kerfoot.
3:26 of 1st period - Shot Misses the Net.
3:54 of 1st period - Shot by Kyle Turris.
3:54 of 1st period - Stopped by Carey Price without a rebound.
3:55 of 1st period - Cody Glass wins face-off versus David Krejci in COLORADO zone.
4:05 of 1st period - Icing by David Krejci.
4:06 of 1st period - Kyle Turris wins face-off versus Mattias Janmark in COLORADO zone.
4:34 of 1st period - Shot by David Krejci.
4:34 of 1st period - Shot Misses the Net.
4:38 of 1st period - Shot by Brandon Carlo.
4:38 of 1st period - Shot Blocked by Nikita Zadorov.
4:40 of 1st period - Shot by Warren Foegele.
4:40 of 1st period - Shot Misses the Net.
4:42 of 1st period - Shot by Jonas Brodin.
4:42 of 1st period - Stopped by Braden Holtby with a rebound.
4:54 of 1st period - Shot by Artturi Lehkonen.
4:54 of 1st period - Stopped by Braden Holtby without a rebound.
4:55 of 1st period - William Karlsson wins face-off versus Brock Nelson in VEGAS zone.
4:56 of 1st period - Shot by Mikko Koivu.
4:56 of 1st period - Stopped by Braden Holtby without a rebound.
4:57 of 1st period - Brock Nelson wins face-off versus William Karlsson in VEGAS zone.
5:06 of 1st period - William Karlsson is hit by Oliver Bjorkstrand and loses puck.
5:13 of 1st period - Devon Toews is hit by Artturi Lehkonen.
5:17 of 1st period - Shot by William Karlsson.
5:17 of 1st period - Stopped by Braden Holtby with a rebound.
6:01 of 1st period - Icing by Sam Reinhart.
6:02 of 1st period - Brock Nelson wins face-off versus David Krejci in VEGAS zone.
6:43 of 1st period - Shot by Alexander Kerfoot.
6:43 of 1st period - Shot Misses the Net.
7:05 of 1st period - Daniel Sprong is hit by Warren Foegele and loses puck.
7:28 of 1st period - Shot by Kyle Turris.
7:28 of 1st period - Shot Misses the Net.
7:30 of 1st period - Shot by Daniel Sprong.
7:30 of 1st period - Shot Blocked by Brandon Carlo.
8:00 of 1st period - Shot by Cody Glass.
8:00 of 1st period - Stopped by Carey Price without a rebound.
8:01 of 1st period - William Karlsson wins face-off versus Alexander Kerfoot in COLORADO zone.
8:03 of 1st period - Icing by Calvin de Haan.
8:04 of 1st period - William Karlsson wins face-off versus Alexander Kerfoot in COLORADO zone.
8:13 of 1st period - Icing by Devon Toews.
8:14 of 1st period - Dylan Larkin wins face-off versus Alexander Kerfoot in VEGAS zone.
8:55 of 1st period - Icing by Dylan Larkin.
8:56 of 1st period - Dylan Larkin wins face-off versus Brock Nelson in COLORADO zone.
8:56 of 1st period - Dylan Larkin is hit by Brock Nelson.
8:59 of 1st period - David Pastrnak is hit by Sam Reinhart and loses puck.
9:22 of 1st period - Shot by Sam Reinhart.
9:22 of 1st period - Stopped by Carey Price without a rebound.
9:23 of 1st period - Kyle Turris wins face-off versus Mikko Koivu in COLORADO zone.
9:37 of 1st period - Shot by Kyle Turris.
9:37 of 1st period - Stopped by Carey Price without a rebound.
9:38 of 1st period - Nick Bjugstad wins face-off versus Cody Glass in COLORADO zone.
10:04 of 1st period - Ron Hainsey is hit by Matt Luff and loses puck.
11:54 of 1st period - Shot by David Pastrnak.
11:54 of 1st period - Shot Blocked by Devon Toews.
12:03 of 1st period - Dylan Larkin is hit by Josh Anderson and loses puck.
12:20 of 1st period - Shot by Daniel Sprong.
12:20 of 1st period - Deflect By Josh Anderson.
12:20 of 1st period - Stopped by Carey Price with a rebound.
12:33 of 1st period - Alexander Kerfoot is hit by John Moore and loses puck.
12:50 of 1st period - Shot by Nikita Zadorov.
12:50 of 1st period - Stopped by Carey Price with a rebound.
12:52 of 1st period - Shot by Brent Seabrook.
12:52 of 1st period - Stopped by Carey Price without a rebound.
12:53 of 1st period - Cody Glass wins face-off versus William Karlsson in COLORADO zone.
12:57 of 1st period - Icing by Calvin de Haan.
12:58 of 1st period - William Karlsson wins face-off versus Cody Glass in COLORADO zone.
13:48 of 1st period - Shot by Max Comtois.
13:48 of 1st period - Shot Misses the Net.
14:01 of 1st period - Minor Penalty to Jayce Hawryluk for Tripping.
14:02 of 1st period - Brock Nelson wins face-off versus Dylan Larkin in VEGAS zone.
15:01 of 1st period - Brock Nelson is hit by Brandon Carlo and loses puck.
15:35 of 1st period - Icing by Jonas Brodin.
15:36 of 1st period - Dylan Larkin wins face-off versus Brock Nelson in COLORADO zone.
16:01 of 1st period - Shot by Pavel Buchnevich.
16:01 of 1st period - Goal by Pavel Buchnevich - VEGAS : 0 - COLORADO : 1.
16:02 of 1st period - Nick Bjugstad wins face-off versus Alexander Kerfoot in neutral zone.
16:16 of 1st period - David Pastrnak is hit by Slater Koekkoek and loses puck.
16:27 of 1st period - Shot by Jayce Hawryluk.
16:27 of 1st period - Shot Misses the Net.
16:29 of 1st period - Shot by Alexander Kerfoot.
16:29 of 1st period - Stopped by Carey Price with a rebound.
16:31 of 1st period - Shot by Slater Koekkoek.
16:31 of 1st period - Deflect By Max Comtois.
16:31 of 1st period - Shot Misses the Net.
16:33 of 1st period - Shot by Slater Koekkoek.
16:33 of 1st period - Stopped by Carey Price without a rebound.
16:34 of 1st period - Kyle Turris wins face-off versus William Karlsson in COLORADO zone.
16:41 of 1st period - Shot by Josh Anderson.
16:41 of 1st period - Shot Misses the Net.
16:43 of 1st period - Shot by Kyle Turris.
16:43 of 1st period - Shot Misses the Net.
16:45 of 1st period - Shot by Josh Anderson.
16:45 of 1st period - Stopped by Carey Price without a rebound.
16:46 of 1st period - Brock Nelson wins face-off versus David Krejci in COLORADO zone.
17:20 of 1st period - David Krejci and Nikita Zadorov fight to a draw.
17:20 of 1st period - Penalty to David Krejci for Fighting.
17:20 of 1st period - Penalty to Nikita Zadorov for Fighting.
17:21 of 1st period - Kyle Turris wins face-off versus William Karlsson in VEGAS zone.
18:04 of 1st period - Nick Holden is hit by Mikko Koivu and loses puck.
18:32 of 1st period - Icing by Slater Koekkoek.
18:33 of 1st period - Dylan Larkin wins face-off versus Alexander Kerfoot in VEGAS zone.
18:48 of 1st period - Shot by Max Comtois.
18:48 of 1st period - Shot Misses the Net.
19:25 of 1st period - Shot by Brock Nelson.
19:25 of 1st period - Stopped by Carey Price without a rebound.
19:26 of 1st period - William Karlsson wins face-off versus Cody Glass in COLORADO zone.
19:26 of 1st period - William Karlsson is hit by Mikhail Grigorenko.
19:31 of 1st period - Icing by Artturi Lehkonen.
19:32 of 1st period - William Karlsson wins face-off versus Brock Nelson in COLORADO zone.
19:32 of 1st period - William Karlsson is hit by Sam Reinhart.
19:44 of 1st period - Shot by Jonas Brodin.
19:44 of 1st period - Shot Misses the Net.
19:46 of 1st period - Shot by William Karlsson.
19:46 of 1st period - Shot Misses the Net.
19:57 of 1st period - William Karlsson is hit by Stephen Johns and loses puck.
Goals for this period are 0 for VEGAS vs 1 for COLORADO.
Shots for this period are 13 for VEGAS vs 5 for COLORADO.

2nd period


0:01 of 2nd period - Dylan Larkin wins face-off versus Kyle Turris in neutral zone.
0:26 of 2nd period - Shot by David Pastrnak.
0:26 of 2nd period - Shot Misses the Net.
0:36 of 2nd period - Shot by Brent Seabrook.
0:36 of 2nd period - Stopped by Carey Price without a rebound.
0:37 of 2nd period - William Karlsson wins face-off versus Brock Nelson in COLORADO zone.
0:56 of 2nd period - Shot by Nick Holden.
0:56 of 2nd period - Shot Misses the Net.
0:58 of 2nd period - Shot by Brock Nelson.
0:58 of 2nd period - Goal by Brock Nelson - VEGAS : 1 - COLORADO : 1.
0:59 of 2nd period - Dylan Larkin wins face-off versus Alexander Kerfoot in neutral zone.
1:49 of 2nd period - Icing by Nick Holden.
1:50 of 2nd period - Brock Nelson wins face-off versus William Karlsson in VEGAS zone.
2:03 of 2nd period - Shot by William Karlsson.
2:03 of 2nd period - Stopped by Braden Holtby without a rebound.
2:04 of 2nd period - Nick Bjugstad wins face-off versus Kyle Turris in VEGAS zone.
2:11 of 2nd period - Shot by Artturi Lehkonen.
2:11 of 2nd period - Shot Blocked by Slater Koekkoek.
3:05 of 2nd period - Shot by Brock Nelson.
3:05 of 2nd period - Stopped by Carey Price without a rebound.
3:06 of 2nd period - Alexander Kerfoot wins face-off versus Dylan Larkin in COLORADO zone.
3:07 of 2nd period - Shot by Stephen Johns.
3:07 of 2nd period - Stopped by Carey Price with a rebound.
3:23 of 2nd period - Shot by Stephen Johns.
3:23 of 2nd period - Stopped by Carey Price without a rebound.
3:24 of 2nd period - David Krejci wins face-off versus Brock Nelson in COLORADO zone.
3:35 of 2nd period - Shot by David Krejci.
3:35 of 2nd period - Shot Blocked by Devon Toews.
3:54 of 2nd period - Sam Reinhart is hit by John Moore and loses puck.
4:01 of 2nd period - Shot by Oliver Bjorkstrand.
4:01 of 2nd period - Shot Blocked by John Moore.
4:03 of 2nd period - Shot by Nick Holden.
4:03 of 2nd period - Shot Blocked by John Moore.
5:19 of 2nd period - Shot by Artturi Lehkonen.
5:19 of 2nd period - Shot Hit the Post.
5:40 of 2nd period - Shot by William Karlsson.
5:40 of 2nd period - Shot Blocked by Brent Seabrook.
6:08 of 2nd period - Shot by David Krejci.
6:08 of 2nd period - Stopped by Braden Holtby with a rebound.
6:59 of 2nd period - Minor Penalty to Brandon Carlo for Slashing.
7:00 of 2nd period - Oliver Bjorkstrand wins face-off versus William Karlsson in COLORADO zone.
7:23 of 2nd period - Shot by Oliver Bjorkstrand.
7:23 of 2nd period - Stopped by Carey Price without a rebound.
7:24 of 2nd period - William Karlsson wins face-off versus Victor Rask in COLORADO zone.
7:50 of 2nd period - Shot by Devon Toews.
7:50 of 2nd period - Stopped by Carey Price without a rebound.
7:51 of 2nd period - William Karlsson wins face-off versus Brock Nelson in COLORADO zone.
8:03 of 2nd period - Icing by Nikita Zadorov.
8:04 of 2nd period - David Krejci wins face-off versus Brock Nelson in VEGAS zone.
8:31 of 2nd period - Shot by Nick Holden.
8:31 of 2nd period - Stopped by Carey Price with a rebound.
8:51 of 2nd period - Shot by Josh Anderson.
8:51 of 2nd period - Deflect By Kyle Turris.
8:51 of 2nd period - Stopped by Carey Price with a rebound.
9:34 of 2nd period - Shot by Dylan Larkin.
9:34 of 2nd period - Shot Misses the Net.
9:54 of 2nd period - Shot by Max Comtois.
9:54 of 2nd period - Stopped by Carey Price without a rebound.
9:55 of 2nd period - Brock Nelson wins face-off versus Nick Bjugstad in COLORADO zone.
10:01 of 2nd period - Brock Nelson is hit by Urho Vaakanainen and loses puck.
10:06 of 2nd period - Shot by Sam Reinhart.
10:06 of 2nd period - Deflect By Oliver Bjorkstrand.
10:06 of 2nd period - Shot Blocked by Artturi Lehkonen.
10:08 of 2nd period - Shot by Oliver Bjorkstrand.
10:08 of 2nd period - Deflect By Brock Nelson.
10:08 of 2nd period - Stopped by Carey Price with a rebound.
10:10 of 2nd period - Shot by Brock Nelson.
10:10 of 2nd period - Stopped by Carey Price without a rebound.
10:11 of 2nd period - Nick Bjugstad wins face-off versus Alexander Kerfoot in COLORADO zone.
10:11 of 2nd period - Nick Bjugstad is hit by Max Comtois.
11:07 of 2nd period - Shot by Brock Nelson.
11:07 of 2nd period - Stopped by Carey Price without a rebound.
11:08 of 2nd period - Dylan Larkin wins face-off versus Kyle Turris in COLORADO zone.
11:08 of 2nd period - Dylan Larkin is hit by Josh Anderson.
11:16 of 2nd period - Shot by David Pastrnak.
11:16 of 2nd period - Shot Misses the Net.
11:31 of 2nd period - Icing by Brent Seabrook.
11:32 of 2nd period - David Krejci wins face-off versus Kyle Turris in VEGAS zone.
11:32 of 2nd period - David Krejci is hit by Nikita Zadorov.
11:44 of 2nd period - Shot by Warren Foegele.
11:44 of 2nd period - Stopped by Braden Holtby without a rebound.
11:45 of 2nd period - Dylan Larkin wins face-off versus Oliver Bjorkstrand in VEGAS zone.
11:48 of 2nd period - Shot by David Pastrnak.
11:48 of 2nd period - Shot Misses the Net.
11:54 of 2nd period - Shot by Brock Nelson.
11:54 of 2nd period - Deflect By Sam Reinhart.
11:54 of 2nd period - Shot Misses the Net.
11:56 of 2nd period - Shot by Sam Reinhart.
11:56 of 2nd period - Shot Misses the Net.
12:06 of 2nd period - Shot by Dylan Larkin.
12:06 of 2nd period - Shot Misses the Net.
12:15 of 2nd period - Icing by Jonas Brodin.
12:16 of 2nd period - Alexander Kerfoot wins face-off versus Dylan Larkin in COLORADO zone.
12:20 of 2nd period - Icing by Jonas Brodin.
12:21 of 2nd period - Kyle Turris wins face-off versus Dylan Larkin in COLORADO zone.
12:32 of 2nd period - Josh Anderson is hit by Brandon Carlo and loses puck.
12:48 of 2nd period - Shot by Kyle Turris.
12:48 of 2nd period - Shot Misses the Net.
12:50 of 2nd period - Shot by Brent Seabrook.
12:50 of 2nd period - Shot Misses the Net.
13:23 of 2nd period - Icing by Brent Seabrook.
13:24 of 2nd period - David Krejci wins face-off versus Kyle Turris in VEGAS zone.
13:43 of 2nd period - Off-side.
13:44 of 2nd period - Brock Nelson wins face-off versus William Karlsson in neutral zone.
14:06 of 2nd period - Shot by Nick Holden.
14:06 of 2nd period - Stopped by Carey Price without a rebound.
14:07 of 2nd period - Alexander Kerfoot wins face-off versus Mattias Janmark in COLORADO zone.
14:19 of 2nd period - Shot by Mattias Janmark.
14:19 of 2nd period - Shot Misses the Net.
14:21 of 2nd period - Shot by Urho Vaakanainen.
14:21 of 2nd period - Shot Blocked by Slater Koekkoek.
14:39 of 2nd period - Jayce Hawryluk is hit by David Krejci and loses puck.
14:46 of 2nd period - Shot by David Krejci.
14:46 of 2nd period - Shot Blocked by Slater Koekkoek.
15:05 of 2nd period - Shot by William Karlsson.
15:05 of 2nd period - Shot Blocked by Stephen Johns.
15:07 of 2nd period - Shot by Calvin de Haan.
15:07 of 2nd period - Shot Misses the Net.
15:11 of 2nd period - Shot by William Karlsson.
15:11 of 2nd period - The goal is going for a video replay.
15:11 of 2nd period - The goal is good.
15:11 of 2nd period - Goal by William Karlsson - VEGAS : 1 - COLORADO : 2.
15:12 of 2nd period - Dylan Larkin wins face-off versus Brock Nelson in neutral zone.
15:12 of 2nd period - Jonas Brodin is hit by Oliver Bjorkstrand and loses puck.
15:18 of 2nd period - Off-side.
15:19 of 2nd period - Dylan Larkin wins face-off versus Brock Nelson in neutral zone.
15:19 of 2nd period - David Pastrnak is hit by Sam Reinhart and loses puck.
15:42 of 2nd period - Shot by Brock Nelson.
15:42 of 2nd period - Shot Blocked by Brandon Carlo.
15:44 of 2nd period - Shot by Devon Toews.
15:44 of 2nd period - Stopped by Carey Price without a rebound.
15:45 of 2nd period - William Karlsson wins face-off versus Kyle Turris in COLORADO zone.
16:11 of 2nd period - Icing by Brent Seabrook.
16:12 of 2nd period - Dylan Larkin wins face-off versus Kyle Turris in VEGAS zone.
16:39 of 2nd period - Icing by Jonas Brodin.
16:40 of 2nd period - Dylan Larkin wins face-off versus Sam Reinhart in COLORADO zone.
16:45 of 2nd period - Devon Toews is hit by Pavel Buchnevich and loses puck.
16:54 of 2nd period - Shot by Dylan Larkin.
16:54 of 2nd period - Stopped by Braden Holtby with a rebound.
16:56 of 2nd period - Shot by David Pastrnak.
16:56 of 2nd period - Shot Misses the Net.
17:45 of 2nd period - Shot by William Karlsson.
17:45 of 2nd period - Shot Misses the Net.
17:47 of 2nd period - Shot by William Karlsson.
17:47 of 2nd period - Shot Misses the Net.
17:58 of 2nd period - Devon Toews is hit by Urho Vaakanainen.
18:38 of 2nd period - Shot by Brent Seabrook.
18:38 of 2nd period - Shot Blocked by Urho Vaakanainen.
19:06 of 2nd period - Shot by Josh Anderson.
19:06 of 2nd period - Stopped by Carey Price with a rebound.
19:31 of 2nd period - Warren Foegele is hit by Nikita Zadorov and loses puck.
19:50 of 2nd period - Shot by Cody Glass.
19:50 of 2nd period - Stopped by Carey Price without a rebound.
19:51 of 2nd period - Alexander Kerfoot wins face-off versus Artturi Lehkonen in COLORADO zone.
19:54 of 2nd period - Shot by Alexander Kerfoot.
19:54 of 2nd period - Stopped by Carey Price without a rebound.
19:55 of 2nd period - William Karlsson wins face-off versus Max Comtois in COLORADO zone.
Goals for this period are 1 for VEGAS vs 1 for COLORADO.
Shots for this period are 18 for VEGAS vs 5 for COLORADO.

3rd period


0:01 of 3rd period - William Karlsson wins face-off versus Brock Nelson in neutral zone.
0:14 of 3rd period - Shot by Oliver Bjorkstrand.
0:14 of 3rd period - Stopped by Carey Price without a rebound.
0:15 of 3rd period - Alexander Kerfoot wins face-off versus Dylan Larkin in COLORADO zone.
0:15 of 3rd period - Max Comtois is hit by Calvin de Haan.
0:24 of 3rd period - Dylan Larkin is hit by Devon Toews and loses puck.
0:31 of 3rd period - Shot by David Pastrnak.
0:31 of 3rd period - Stopped by Braden Holtby without a rebound.
0:32 of 3rd period - Brock Nelson wins face-off versus William Karlsson in VEGAS zone.
0:32 of 3rd period - Brock Nelson is hit by William Karlsson.
0:53 of 3rd period - Shot by William Karlsson.
0:53 of 3rd period - Stopped by Braden Holtby without a rebound.
0:54 of 3rd period - Kyle Turris wins face-off versus Dylan Larkin in VEGAS zone.
1:32 of 3rd period - Shot by Kyle Turris.
1:32 of 3rd period - Shot Misses the Net.
2:29 of 3rd period - Icing by Nikita Zadorov.
2:30 of 3rd period - William Karlsson wins face-off versus Brock Nelson in VEGAS zone.
3:11 of 3rd period - Off-side.
3:12 of 3rd period - David Krejci wins face-off versus Alexander Kerfoot in neutral zone.
3:20 of 3rd period - Minor Penalty to Devon Toews for Tripping.
3:21 of 3rd period - Brock Nelson wins face-off versus William Karlsson in VEGAS zone.
4:09 of 3rd period - Shot by Dylan Larkin.
4:09 of 3rd period - Stopped by Braden Holtby without a rebound.
4:10 of 3rd period - Brock Nelson wins face-off versus Dylan Larkin in VEGAS zone.
4:52 of 3rd period - Icing by Artturi Lehkonen.
4:53 of 3rd period - William Karlsson wins face-off versus Oliver Bjorkstrand in COLORADO zone.
4:58 of 3rd period - Shot by David Krejci.
4:58 of 3rd period - Shot Blocked by Nick Holden.
5:42 of 3rd period - Shot by Alexander Kerfoot.
5:42 of 3rd period - Shot Blocked by John Moore.
6:09 of 3rd period - Devon Toews is hit by Warren Foegele and loses puck.
6:58 of 3rd period - Off-side.
6:59 of 3rd period - Dylan Larkin wins face-off versus Brock Nelson in neutral zone.
7:07 of 3rd period - Minor Penalty to Stephen Johns for Tripping.
7:08 of 3rd period - Dylan Larkin wins face-off versus Brock Nelson in VEGAS zone.
7:26 of 3rd period - Off-side.
7:27 of 3rd period - William Karlsson wins face-off versus Sam Reinhart in neutral zone.
7:30 of 3rd period - Shot by Brandon Carlo.
7:30 of 3rd period - Shot Misses the Net.
8:02 of 3rd period - Icing by Artturi Lehkonen.
8:03 of 3rd period - William Karlsson wins face-off versus Brock Nelson in COLORADO zone.
8:03 of 3rd period - William Karlsson is hit by Sam Reinhart.
8:27 of 3rd period - Shot by Sam Reinhart.
8:27 of 3rd period - Shot Misses the Net.
9:08 of 3rd period - Mikko Koivu is hit by Slater Koekkoek and loses puck.
9:43 of 3rd period - Icing by Dan Girardi.
9:44 of 3rd period - Kyle Turris wins face-off versus Nick Bjugstad in COLORADO zone.
9:56 of 3rd period - Icing by Nick Holden.
9:57 of 3rd period - Kyle Turris wins face-off versus Dylan Larkin in VEGAS zone.
10:05 of 3rd period - Off-side.
10:06 of 3rd period - Cody Glass wins face-off versus Dylan Larkin in neutral zone.
10:13 of 3rd period - Shot by Cody Glass.
10:13 of 3rd period - Stopped by Carey Price without a rebound.
10:14 of 3rd period - Dylan Larkin wins face-off versus Kyle Turris in COLORADO zone.
10:40 of 3rd period - Shot by Dylan Larkin.
10:40 of 3rd period - Stopped by Braden Holtby without a rebound.
10:41 of 3rd period - David Krejci wins face-off versus Brock Nelson in VEGAS zone.
11:00 of 3rd period - Shot by Sam Reinhart.
11:00 of 3rd period - Shot Misses the Net.
11:02 of 3rd period - Shot by Slater Koekkoek.
11:02 of 3rd period - Stopped by Carey Price without a rebound.
11:03 of 3rd period - Dylan Larkin wins face-off versus Alexander Kerfoot in COLORADO zone.
11:25 of 3rd period - Off-side.
11:26 of 3rd period - Brock Nelson wins face-off versus William Karlsson in neutral zone.
11:33 of 3rd period - Shot by Brock Nelson.
11:33 of 3rd period - Shot Misses the Net.
11:35 of 3rd period - Shot by Devon Toews.
11:35 of 3rd period - Stopped by Carey Price without a rebound.
11:36 of 3rd period - David Krejci wins face-off versus Kyle Turris in COLORADO zone.
12:26 of 3rd period - Stephen Johns is hit by Artturi Lehkonen and loses puck.
12:39 of 3rd period - Off-side.
12:40 of 3rd period - Dylan Larkin wins face-off versus Brock Nelson in neutral zone.
13:12 of 3rd period - Minor Penalty to Dylan Larkin for Slashing.
13:13 of 3rd period - Brock Nelson wins face-off versus William Karlsson in COLORADO zone.
13:30 of 3rd period - Shot by Devon Toews.
13:30 of 3rd period - Stopped by Carey Price without a rebound.
13:31 of 3rd period - Kyle Turris wins face-off versus William Karlsson in COLORADO zone.
14:07 of 3rd period - Icing by Brent Seabrook.
14:08 of 3rd period - Mikko Koivu wins face-off versus Kyle Turris in VEGAS zone.
15:13 of 3rd period - Minor Penalty to Pavel Buchnevich for Hooking.
15:14 of 3rd period - William Karlsson wins face-off versus Brock Nelson in COLORADO zone.
15:14 of 3rd period - Jonas Brodin is hit by Oliver Bjorkstrand and loses puck.
16:31 of 3rd period - Icing by Slater Koekkoek.
16:32 of 3rd period - William Karlsson wins face-off versus Victor Rask in VEGAS zone.
16:47 of 3rd period - Calvin de Haan is hit by Jayce Hawryluk and loses puck.
17:13 of 3rd period - Icing by Calvin de Haan.
17:14 of 3rd period - Cody Glass wins face-off versus Nick Bjugstad in COLORADO zone.
17:14 of 3rd period - Devon Toews is hit by John Moore and loses puck.
17:19 of 3rd period - Shot by Cody Glass.
17:19 of 3rd period - Shot Hit the Post.
17:21 of 3rd period - Shot by Nick Holden.
17:21 of 3rd period - Stopped by Carey Price without a rebound.
17:22 of 3rd period - Brock Nelson wins face-off versus Dylan Larkin in COLORADO zone.
17:27 of 3rd period - Shot by Oliver Bjorkstrand.
17:27 of 3rd period - Shot Misses the Net.
19:49 of 3rd period - Shot by Artturi Lehkonen.
19:49 of 3rd period - Shot Misses the Net.
19:51 of 3rd period - Shot by Ron Hainsey.
19:51 of 3rd period - Shot Misses the Net.
19:53 of 3rd period - Shot by Artturi Lehkonen.
19:53 of 3rd period - Deflect By David Krejci.
19:53 of 3rd period - Stopped by Braden Holtby without a rebound.
19:54 of 3rd period - Brock Nelson wins face-off versus Mikko Koivu in VEGAS zone.
19:54 of 3rd period - Brock Nelson is hit by Mikko Koivu.
Goals for this period are 0 for VEGAS vs 0 for COLORADO.
Shots for this period are 6 for VEGAS vs 5 for COLORADO.